 Dungeon Crawl Stone Soup version 0.19-a0-1008-g4c63d25 (webtiles) character file.

1426 Implojin the Grappler (level 8, 64/64 HPs)
             Began as a Minotaur Fighter on July 21, 2016.
             Quit the game in the Ecumenical Temple.
             The game lasted 00:10:54 (1600 turns).

Implojin the Grappler (Minotaur Fighter)            Turns: 1600, Time: 00:10:54

Health: 64/64      AC: 14    Str: 20    XL:     8   Next: 44%
Magic:  7/7        EV:  3    Int:  5    God:
Gold:   41         SH: 12    Dex: 13    Spells: 0 memorised, 7 levels left

rFire  . . .     SeeInvis .       - Unarmed
rCold  . . .     Gourm    .     l - +0 plate armour
rNeg   . . .     Faith    .     b - +0 shield
rPois  .         Spirit   .     (helmet restricted)
rElec  .         Dismiss  .     (no cloak)
rCorr  .         Reflect  +     g - +2 pair of gloves
SustAt .         Harm     .     (no boots)
MR     .....                    m - +3 amulet of reflection
Stlth  ..........               (no ring)
                                (no ring)

@: not resistant to hostile enchantments, extremely unstealthy
A: retaliatory headbutt, horns 2
a: no special abilities


You were in the Ecumenical Temple.
You were hungry.

You visited 2 branches of the dungeon, and saw 8 of its levels.

You collected 41 gold pieces.

Inventory:

Hand Weapons
 w - a +0 blowgun
 y - a +1 antimagic flail
Missiles
 u - 4 tomahawks of dispersal (quivered)
 x - 14 poisoned needles
Armour
 a - a +0 scale mail
 b - a +0 shield (worn)
 g - a +2 pair of gloves (worn)
 j - a +0 ring mail
 l - a +0 plate armour (worn)
Jewellery
 m - a +3 amulet of reflection (around neck)
 v - an uncursed amulet of faith {unknown}
Scrolls
 e - 3 scrolls of teleportation
 h - a scroll of random uselessness
 k - a scroll of immolation
 o - a scroll of noise
 r - a scroll of enchant armour
 A - a scroll of summoning
Potions
 p - a potion of mutation
 q - a potion of ambrosia
 s - a potion of brilliance
 z - a potion of cancellation {unknown}
Books
 n - a book of Ice

   Spells                             Type                      Level
   a - Ice Form                       Ice/Transmutation            4
   b - Metabolic Englaciation         Hexes/Ice                    5
   c - Ozocubu's Refrigeration        Ice                          6
   d - Bolt of Cold                   Conjuration/Ice              6
   e - Freezing Cloud                 Conjuration/Ice/Air          6
   f - Simulacrum                     Ice/Necromancy               6
 t - a book of the Sky

   Spells                             Type                      Level
   a - Summon Lightning Spire         Summoning/Air                4
   b - Airstrike                      Air                          4
   c - Silence                        Hexes/Air                    5
   d - Deflect Missiles               Charms/Air                   6
   e - Conjure Ball Lightning         Conjuration/Air              6
   f - Tornado                        Air                          9
Comestibles
 d - 4 bread rations
 f - a fruit
 i - a meat ration
 B - a slice of pizza


   Skills:
 - Level 3.6 Fighting
 - Level 3.6 Armour
 - Level 3.6 Shields
 * Level 11.4 Unarmed Combat


You had 7 spell levels left.
You didn't know any spells.

Dungeon Overview and Level Annotations

Branches:
Dungeon (7/15)             Temple (1/1) D:5

Altars:
Ashenzari
Cheibriados
Dithmenos
Elyvilon
Gozag
Kikubaaqudgha
Makhleb
Nemelex Xobeh
Pakellas
Qazlal
Sif Muna
Trog
Uskayaw
Vehumet
Xom
Yredelemnul
Zin
The Shining One

Shops:
D:6 ?   D:7 [:=


Innate Abilities, Weirdness & Mutations

You reflexively headbutt those who attack you in melee.
You have a pair of horns on your head.


Message History

You finish eating.
This raw flesh tastes terrible.
There is a stone staircase leading up here.
You climb upwards.
Found a slice of pizza and a scroll labeled BOTHRY PEILETZA.
There is a stone staircase leading down here.
Unknown command.
Unknown command.
B - a slice of pizza
C - a scroll labeled BOTHRY PEILETZA
As you read the scroll labeled BOTHRY PEILETZA, it crumbles to dust.
The scroll dissolves into smoke.
It was a scroll of fog.
As you read the scroll labeled WEOXZOCVUT, it crumbles to dust.
You feel blessed for a moment.
It was a scroll of remove curse.
Put on which piece of jewellery? (? for menu, Esc to quit)
Okay, then.
Found a stone staircase leading up.
Found a staircase to the Ecumenical Temple.
Found a ring mail.
There is a staircase to the Ecumenical Temple here.
You can't go up here!
You climb downwards.
Welcome to the Ecumenical Temple!
There is a staircase back to the Dungeon here.
Found a glowing golden altar of the Shining One.
Found a hide-covered altar of Uskayaw and a shattered altar of Ashenzari.
Found a shadowy altar of Dithmenos.
Found a glowing silver altar of Zin and an oddly glowing altar of Pakellas.
Found an opulent altar of Gozag and a sparkling altar of Nemelex Xobeh.
There is an oddly glowing altar of Pakellas here.
You are feeling hungry.
Found a bloodstained altar of Trog.
Found a snail-covered altar of Cheibriados and a shimmering altar of Xom.
Found a radiant altar of Vehumet.
There is a bloodstained altar of Trog here.
Found a basalt altar of Yredelemnul.
There is a shimmering altar of Xom here.
Found a stormy altar of Qazlal.
Found two altars.
There is an ancient bone altar of Kikubaaqudgha here.
There is a white marble altar of Elyvilon here.
Are you sure you want to abandon this character and quit the game? (Confirm with "yes".)

####.......#..._...........#
###...........#.....8.#........
###............#.........#.......
#......###......._.#.#._.#.....##
.....##...##...#.........#...##..
....#.......#...#.8.....#...#..._
....#.......#......._...#...#....
...#.........#..#.#...##...#...⌠#
...#....<....#..@..###.....#._...
#..#.........#.............#....#
....#.......#...............#....
#...#.......#...............#..._
.#...##...##......####.......##..
.......###......### ###.......##
.#............### ###.......
#...........### ###.....
#.......##### ######


There were no monsters in sight!

Vanquished Creatures
  Pikel (D:7)
  A black bear (D:6)
  A slave (D:7)
  4 centaurs (D:7)
  A big kobold (D:7)
  2 water moccasin skeletons
  2 orc priests (D:7)
  A hound (D:7)
  An iguana (D:5)
  Ijyb (D:2)
  3 orc wizards
  A worker ant (D:7)
  A hound zombie (D:5)
  3 adders
  3 shadow imps
  4 giant geckos
  9 orcs
  A giant cockroach (D:2)
  2 goblins
  A hobgoblin (D:3)
  3 jackals (D:2)
  2 quokkas
  2 bats (D:2)
  3 giant newts
  A jackal skeleton (D:6)
  5 kobolds
  2 rats
61 creatures vanquished.

Vanquished Creatures (others)
  2 slaves (D:7)
2 creatures vanquished.

Grand Total: 63 creatures vanquished

Notes
Turn   | Place    | Note
-------+----------+-------------------------------------------
     0 | D:1      | Implojin the Minotaur Fighter began the quest for the Orb.
     0 | D:1      | Reached XP level 1. HP: 19/19 MP: 0/0
   101 | D:2      | Reached skill level 3 in Unarmed Combat
   101 | D:2      | Reached XP level 2. HP: 16/26 MP: 1/1
   169 | D:2      | Noticed Ijyb
   224 | D:2      | Killed Ijyb
   224 | D:2      | Reached skill level 4 in Unarmed Combat
   224 | D:2      | Reached XP level 3. HP: 4/31 MP: 2/2
   336 | D:4      | Found a deep blue altar of Sif Muna.
   369 | D:4      | Reached skill level 5 in Unarmed Combat
   369 | D:4      | Reached XP level 4. HP: 7/39 MP: 3/3
   449 | D:5      | Entered Level 5 of the Dungeon
   490 | D:6      | Found Tacvek's Magic Scroll Shoppe.
   521 | D:6      | Reached XP level 5. HP: 14/45 MP: 4/4
   643 | D:5      | Reached skill level 6 in Unarmed Combat
   835 | D:7      | Noticed a centaur
   835 | D:7      | Noticed a centaur
   842 | D:7      | Killed a centaur
   842 | D:7      | Reached skill level 7 in Unarmed Combat
   842 | D:7      | Reached XP level 6. HP: 50/51 MP: 5/5
   856 | D:7      | Found Anakky's Jewellery Shop.
   868 | D:7      | Reached skill level 8 in Unarmed Combat
   960 | D:7      | Found Feixat's Book Emporium.
   981 | D:7      | Noticed a slave
   984 | D:7      | Reached XP level 7. HP: 49/57 MP: 6/6
   986 | D:7      | Noticed Pikel
  1022 | D:7      | Killed Pikel
  1022 | D:7      | Reached skill level 10 in Unarmed Combat
  1022 | D:7      | Reached XP level 8. HP: 49/64 MP: 7/7
  1142 | D:7      | Reached skill level 11 in Unarmed Combat
  1196 | D:7      | Found Esip's Antique Armour Boutique.
  1380 | D:6      | Found a burning altar of Makhleb.
  1448 | D:6      | Found a shadowy altar of Dithmenos.
  1487 | D:5      | Found a staircase to the Ecumenical Temple.
  1496 | Temple   | Entered the Ecumenical Temple
  1600 | Temple   | Quit the game

Vault maps used:
D:1:      dpeg_arrival_lava_altar
D:2:      gammafunk_temple_overflow_statue, first_bread, uniq_iyjb
D:3:      lemuel_round_altar, grunt_decor_cap, okawaru_metal_pillars_3
D:4:      overflow_temple_1_default, uniq_crazy_yiuf_cottage
D:6:      overflow_temple_1_default, nicolae_overflow_hidden_temple,
          serial_shops, nicolae_shop_waterfront, shop, basic_altar
D:7:      serial_shops, shop, shop, kennysheep_mini, nicolae_shop_statue_plus,
          uniq_duvessa, uniq_pikel
Temple:   regret_index_temple_sphere_string

Skill      XL: |  1  2  3  4  5  6  7  8 |
---------------+-------------------------+-----
Unarmed Combat | 3 4 5 7 8 10 11 | 11.4
Fighting       | |  3.6
Armour         | |  3.6
Shields        | |  3.6

Action                   |  1- 3 |  4- 6 |  7- 9 || total
-------------------------+-------+-------+-------++-------
Melee: Unarmed           |    84 |    86 |   104 ||   274
       Headbutt          |    12 |    22 |    19 ||    53
  Use: Scroll            |     2 |     1 |     8 ||    11
       Potion            |     1 |     1 |       ||     2
  Eat: Chunk             |       |       |     2 ||     2
Armor: Scale mail        |    28 |       |       ||    28
       Plate armour      |     8 |    37 |    42 ||    87
Dodge: Dodged            |    21 |     7 |     8 ||    36
Block: Shield            |    39 |    41 |    49 ||   129
       Reflection        |       |     9 |     2 ||    11

Table legend:
 A = Turns spent in this place as a percentage of turns spent in the entire game.
 B = Non-inter-level travel turns spent in this place as a percentage of non-inter-level travel turns spent in the entire game.
 C = Inter-level travel turns spent in this place as a percentage of turns spent in this place.
 D = Turns resting spent in this place as a percentage of non-inter-level travel turns spent in this place.
 E = Turns spent auto-exploring this place as a percentage of non-inter-level travel turns spent in this place.
 F = Non-inter-level travel turns spent in this place divided by the number of levels of this place that you've seen.
                   A       B       C       D       E      F
               +-------+-------+-------+-------+-------+----------------------
         Total | 100.0 | 100.0 |   0.0 |   0.0 |   0.0 | 205.0
       Dungeon |  93.4 |  93.4 |   0.0 |   0.0 |   0.0 | 218.9
        Temple |   6.6 |   6.6 |   0.0 |   0.0 |   0.0 | 108.0
               +-------+-------+-------+-------+-------+----------------------

Table legend:
 A = Kills in this place as a percentage of kills in entire the game.
 B = Kills by you in this place as a percentage of kills by you in the entire game.
 C = Kills by friends in this place as a percentage of kills by friends in the entire game.
 D = Other kills in this place as a percentage of other kills in the entire game.
 E = Experience gained in this place as a percentage of experience gained in the entire game.
 F = Experience gained in this place divided by the number of levels of this place that you have seen.
                   A       B       C       D       E      F
               +-------+-------+-------+-------+-------+----------------------
         Total | 100.0 | 100.0 |  -nan |  -nan | 100.0 | 254.8
       Dungeon | 100.0 | 100.0 |  -nan |  -nan | 100.0 | 291.1
               +-------+-------+-------+-------+-------+----------------------
